 Dungeon Crawl Stone Soup version 0.28-a0-1396-gdcb3f3653b (webtiles) character file.

Game seed: 13690483668165300484

15579 IndexError the Summoner (level 12, 0/91 HPs)
             Began as a Gnoll Summoner on Jan 5, 2022.
             Was the Champion of Elyvilon.
             Slain by a six-headed hydra (1 damage)
             ... while petrified by a catoblepas
             ... on level 11 of the Dungeon.
             The game lasted 00:40:22 (15968 turns).

IndexError the Summoner (Gnoll Summoner)           Turns: 15968, Time: 00:40:23

Health: 0/91       AC: 12    Str:  7    XL:     12   Next: 28%
Magic:  31/33      EV:  2    Int: 27    God:    Elyvilon [******]
Gold:   373        SH:  0    Dex: 13    Spells: 11/28 levels left

rFire   . . .      SeeInvis .   y - +5 great mace of the Ten Thickets {vorpal, rElec rPois Int+7}
rCold   . . .      Faith    .   (shield currently unavailable)
rNeg    + + +      Spirit   .   v - +2 robe {Will+}
rPois   ∞          Reflect  .   f - +2 helmet
rElec   +          Harm     .   I - +2 cloak
rCorr   .          Rampage  .   (no gloves)
Will    +....                   J - +0 pair of boots
Stlth   ++++......              C - amulet of the acrobat
HPRegen 0.25/turn               m - +4 ring of evasion
MPRegen 0.23/turn               N - ring of magical power {MP+9}

@: petrified
A: fangs 1, strong nose, distributed training
a: Renounce Religion, Purification, Heal Other, Heal Self, Divine Vigour


You were on level 11 of the Dungeon.
You worshipped Elyvilon.
Elyvilon was exalted by your worship.
You visited 1 branch of the dungeon, and saw 11 of its levels.

You collected 499 gold pieces.
You spent 126 gold pieces at shops.

Inventory:

Hand Weapons
 j - a +3 hand axe of venom
   (You took it off an orc on level 8 of the Dungeon)
 y - the +5 great mace of the Ten Thickets (weapon) {vorpal, rElec rPois Int+7}
   (You found it on level 6 of the Dungeon)

   It inflicts extra damage upon your enemies.
   Int:       It affects your intelligence (+7).
   rElec:     It insulates you from electricity.
   rPois:     It protects you from poison.
Missiles
 k - 9 javelins (quivered)
Armour
 f - a +2 helmet (worn)
   (You took it off Robin on level 2 of the Dungeon)
 p - a +2 buckler
   (You took it off a goblin on level 3 of the Dungeon)
 v - a +2 robe of willpower (worn)
   (You found it on level 6 of the Dungeon)
 I - a +2 cloak (worn)
   (You bought it in a shop on level 8 of the Dungeon)
 J - a +0 pair of boots (worn)
   (You bought it in a shop on level 8 of the Dungeon)
 O - a +1 robe of cold resistance
   (You took it off Fannar on level 10 of the Dungeon)
Magical Staves
 B - a staff of cold {rC+}
   (You took it off Fannar on level 10 of the Dungeon)
Jewellery
 m - a +4 ring of evasion (left hand)
   (You found it on level 3 of the Dungeon)
 C - an amulet of the acrobat (around neck)
   (You found it on level 5 of the Dungeon)
 N - a ring of magical power (right hand) {MP+9}
   (You took it off a kobold on level 10 of the Dungeon)
Wands
 q - a wand of charming (7)
   (You found it on level 3 of the Dungeon)
 D - a wand of flame (16)
   (You found it on level 7 of the Dungeon)
 K - a wand of paralysis (7)
   (You found it on level 9 of the Dungeon)
Scrolls
 e - a scroll of teleportation
 n - a scroll of fog
 u - a scroll of summoning
Potions
 a - 2 potions of flight {unknown}
 d - 2 potions of resistance {unknown}
 g - 2 potions of ambrosia {unknown}
 h - 2 potions of degeneration {unknown}
 l - a potion of brilliance {unknown}
 r - 2 potions of curing
 s - 3 potions of might
 w - a potion of mutation {!q}
 x - 2 potions of lignification {unknown}
 A - 2 potions of attraction {unknown}
 E - a potion of cancellation
 F - a potion of berserk rage {unknown}
 G - 4 potions of haste {unknown}
 H - a potion of invisibility
 P - 3 potions of heal wounds {unknown}


   Skills:
 + Level 7.1 Fighting
 + Level 7.1 Short Blades
 + Level 7.1 Long Blades
 + Level 7.1 Axes
 + Level 7.1 Maces & Flails
 + Level 7.1 Polearms
 + Level 7.1 Staves
 + Level 7.1 Slings
 + Level 7.1 Bows
 + Level 7.1 Crossbows
 + Level 7.1 Throwing
 + Level 7.1 Armour
 + Level 8.5 Dodging
 + Level 8.3 Stealth
 + Level 7.1 Shields
 + Level 7.1 Unarmed Combat
 + Level 8.8 Spellcasting
 + Level 5.9 Conjurations
 + Level 5.9 Hexes
 + Level 9.3 Summonings
 + Level 5.9 Necromancy
 + Level 5.9 Translocations
 + Level 5.9 Transmutations
 + Level 5.9 Fire Magic
 + Level 5.9 Ice Magic
 + Level 5.9 Air Magic
 + Level 5.9 Earth Magic
 + Level 5.9 Poison Magic
 + Level 7.8 Invocations
 + Level 7.1 Evocations


You had 11 spell levels left.
You knew the following spells:

 Your Spells              Type           Power      Damage    Failure   Level
a - Summon Small Mammal   Summ           100%       N/A       1%          1
b - Summon Guardian Gole  Hex/Summ       52%        N/A       1%          3
c - Call Canine Familiar  Summ           58%        N/A       1%          3
d - Summon Lightning Spi  Summ/Air       52%        N/A       1%          4
e - Gell's Gravitas       Tloc           44%        N/A       1%          3
f - Teleport Other        Tloc           44%        N/A       1%          3

Your spell library contained the following spells:

 Spells                   Type           Power      Damage    Failure   Level
 Call Imp                 Summ           58%        N/A       1%          2
 Dispersal                Tloc           22%        N/A       54%         6


Dungeon Overview and Level Annotations

Branches:
Dungeon (11/15)            Temple (0/1) D:5            Lair (0/6) D:9
    Orc: D:9-12

Altars:
Cheibriados
Dithmenos
Elyvilon
Gozag
Hepliaklqana
Okawaru
Qazlal
Ru
Uskayaw
Yredelemnul
Zin

Shops:
D:8 [   D:9 :   D:11 (


Innate Abilities, Weirdness & Mutations

You have very sharp teeth.
Your uncanny sense of smell can sniff out nearby items.
Your experience applies equally to all skills.


Message History

Something misses you.
You hit something.
Your wolf barely misses something.
Your wolf bites something.
Something hits you.
An ogre mage comes into view.
It is wielding the +9 flail "Kamminwu" {freeze, Int+5} and carrying a wand of digging (6).
You sock something!
Your wolf scratches at a flea.
Your wolf bites something!
Your wolf bites something.
Reactivating autopickup.
You feel a bit more experienced.
A vampire mosquito comes into view.
Your wolf bites the redback!
The vampire mosquito moves out of view.
You closely miss the redback. You bite the redback, but do no damage.
The redback bites you but does no damage.
Your wolf bites the redback.
The redback closely misses your wolf.
Your wolf completely misses the redback.
You hit the redback.
Your wolf bites the redback.
The redback closely misses you.
Your wolf bites the redback!
The redback bites your wolf!
Your wolf looks as sick as possible!
The redback poisons your wolf!
An efreet comes into view.
It is wielding a +3 scimitar of flaming.
You closely miss the redback.
Your wolf bites the redback!
The komodo dragon barely misses your wolf.
Your wolf bites the komodo dragon.
The cyclops hits your wolf!
MP restored: 33
Casting: Summon Guardian Golem (safe; 1% risk of failure)
Confirm with . or Enter, or press ? or * to list all spells.
An electric hum fills the air.
Your wolf bites the cyclops but does no damage.
The blast of calcifying dust hits your wolf.
Your wolf's corpse disappears in a puff of smoke!
A blast of calcifying dust appears from out of your range of vision.
You now have 29/33 mp.
You barely miss the komodo dragon. The komodo dragon bites you!
The cyclops is engulfed in calcifying dust.
The cyclops is moving more slowly.
A catoblepas comes into view.
You take 11 damage, and have 57/91 hp.
You barely miss the komodo dragon. The komodo dragon bites you!
The komodo dragon bites you but does no damage.
The catoblepas gores your guardian golem but does no damage.
The cyclops is engulfed in calcifying dust.
The cyclops stops moving altogether!
You take 13 damage, and have 44/91 hp.
You sock the komodo dragon!
The vampire mosquito bites your guardian golem.
Something bites your guardian golem but does no damage.
Something bites your guardian golem.
Your lightning spire shoots out a bolt of lightning at the komodo dragon!
The bolt of electricity hits the komodo dragon!
The komodo dragon bites your lightning spire.
Something bites your lightning spire!
Something bites your lightning spire but does no damage. x2
Something bites your lightning spire.
Something barely misses your lightning spire.
Something bites your lightning spire!
Casting: Summon Lightning Spire (mildly dangerous; 1% risk of failure)
Confirm with . or Enter, or press ? or * to list all spells.
A guardian golem appears, shielding your allies.
The catoblepas breathes a plume of calcifying dust at you.
The blast of calcifying dust hits you.
The blast of calcifying dust hits your guardian golem but does no damage.
Something bites your lightning spire!!
You take 3 damage, and have 43/91 hp.
You now have 28/33 mp.
You swap places.
You are engulfed in calcifying dust.
You are slowing down.
Your guardian golem is engulfed in calcifying dust.
Your guardian golem is moving more slowly.
The catoblepas breathes a plume of calcifying dust at you.
The blast of calcifying dust hits your guardian golem.
The blast of calcifying dust hits you.
Your guardian golem is engulfed in calcifying dust.
Your guardian golem stops moving altogether!
Your limbs are stiffening.
You take 3 damage, and have 40/91 hp.
You have turned to stone.
A six-headed hydra comes into view.
The catoblepas gores you!!
The komodo dragon bites your guardian golem.
The catoblepas gores you!!
* * * LOW HITPOINT WARNING * * *
The komodo dragon bites your guardian golem!!
The catoblepas gores you!
* * * LOW HITPOINT WARNING * * *
The komodo dragon bites your guardian golem!!
The vampire mosquito bites you!
* * * LOW HITPOINT WARNING * * *
The vampire mosquito bites you but does no damage.
The catoblepas breathes a plume of calcifying dust at you.
The blast of calcifying dust hits you.
* * * LOW HITPOINT WARNING * * *
The komodo dragon bites your guardian golem!
You are engulfed in calcifying dust.
The vampire mosquito bites you. The catoblepas gores you!
* * * LOW HITPOINT WARNING * * *
You are engulfed in calcifying dust.
The catoblepas gores you. Elyvilon protects you from harm!
The six-headed hydra bites you.
You die...

#######################
#....OlyY@§§..........#
#.....9.D.............##
#.C#################...#
#§.# .. #...### #..#.###
#)..'.. #.9y..!# #...###
#..#.### #...# # #..#C..
∆ #.### # ##†#∆.°○# ∆ ∆
∆ #.# #


You could see a catoblepas, a six-headed hydra, an ogre mage, a cyclops, a
komodo dragon (ally target), a vampire mosquito and a friendly guardian golem
(summoned, petrified).

Vanquished Creatures
  Erolcha (D:10)
  A gargoyle (D:8)
  Prince Ribbit (D:7)
  A meliai zombie (D:11)
  A wraith (D:10)
  5 yaks
  An acid dragon (D:9)
  A water moccasin (D:9)
  2 orc warriors (D:8)
  A necrophage (D:6)
  A centaur (D:9)
  A phantom (D:7)
  2 bullfrogs (D:9)
  A scorpion (D:7)
  A killer bee (D:8)
  A wight (D:11)
  A howler monkey (D:9)
  3 centaur zombies
  A bullfrog zombie (D:5)
  An orc priest (D:10)
  3 hounds
  A centaur skeleton (D:6)
  A gnoll shaman (D:5)
  5 orc wizards
  A killer bee zombie (D:5)
  A howler monkey zombie (D:6)
  2 gnolls
  A howler monkey skeleton (D:5)
  5 adders
  A white imp (D:6)
  An ufetubus (D:5)
  A worm (D:2)
  4 orcs
  A bat (D:2)
  7 hobgoblins
  A jackal (D:1)
  2 quokkas
  4 ball pythons
  3 frilled lizards
  4 goblins
  3 kobolds
  3 rats
83 creatures vanquished.

Vanquished Creatures (collateral kills)
  Fannar (D:10)
  2 boulder beetles
  Erica (D:8)
  An ogre mage (D:11)
  The ghost of anet the Apostle, a novice HOCj of Beogh (D:7)
  An ugly thing (D:8)
  A cyclops (D:11)
  2 rust devils (D:6)
  A gargoyle (D:10)
  Maggie (D:8)
  A wyvern (D:8)
  3 yaks
  Eustachio (D:6)
  A redback (D:11)
  A steam dragon (D:9)
  3 water moccasins
  4 orc warriors
  An ice beast (D:6)
  A black bear (D:9)
  4 centaurs
  2 phantoms
  2 kobold brigands
  A gnoll sergeant (D:8)
  3 bullfrogs (D:9)
  7 killer bees
  A wight (D:11)
  A howler monkey (D:11)
  A centaur zombie (D:8)
  5 hounds
  3 orc priests (D:10)
  A jelly (D:6)
  A bullfrog skeleton (D:5)
  A centaur skeleton (D:5)
  Terence (D:2)
  2 iguanas
  4 orc wizards
  2 mummies
  Robin (D:2)
  9 gnolls
  7 adders
  2 white imps
  An adder skeleton (D:5)
  3 worms
  A dart slug (D:3)
  27 orcs
  5 ball pythons
  A bat (D:3)
  3 endoplasms
  2 giant cockroaches (D:1)
  7 goblins
  4 hobgoblins
  2 jackals (D:1)
  7 kobolds
  A frilled lizard (D:1)
  A rat (D:3)
154 creatures vanquished.

Vanquished Creatures (others)
  A two-headed ogre (D:11)
  Joseph (D:10)
  A hornet (D:11)
  A meliai zombie (D:10)
  A yak (D:10)
  2 orc warriors
  An ogre (D:5)
  Blork the orc (D:6)
  A scorpion (D:5)
  3 killer bees
  An orc priest (D:3)
  An orc (D:3)
  36 fungi (D:9)
  27 plants (D:9)
  4 toadstools (D:1)
  4 withered plants (D:11)
86 creatures vanquished.

Grand Total: 323 creatures vanquished

Notes
Turn   | Place    | Note
-------+----------+-------------------------------------------
     0 | D:1      | IndexError the Gnoll Summoner began the quest for the Orb.
     0 | D:1      | Reached XP level 1. HP: 13/13 MP: 6/6
   303 | D:1      | Reached XP level 2. HP: 17/19 MP: 5/7
   822 | D:1      | Found a faded altar of an unknown god.
  1064 | D:1      | Prayed at the altar of an unknown god.
  1064 | D:1      | Became a worshipper of Elyvilon the Healer
  1064 | D:1      | Reached * piety under Elyvilon
  1601 | D:2      | Reached XP level 3. HP: 22/25 MP: 9/9
  1623 | D:2      | Noticed Robin
  1630 | D:1      | Learned a level 3 spell: Call Canine Familiar
  1752 | D:2      | Reached skill level 5 in Spellcasting
  1763 | D:2      | HP: 6/25 [goblin[Robin] (6)]
  1764 | D:2      | Killed Robin
  1765 | D:2      | Reached skill level 1 in Invocations
  1767 | D:1      | HP: 1/25 [goblin[Robin] (5)]
  2238 | D:2      | Reached skill level 1 in Fighting
  2238 | D:2      | Reached skill level 1 in Short Blades
  2238 | D:2      | Reached skill level 1 in Long Blades
  2238 | D:2      | Reached skill level 1 in Axes
  2238 | D:2      | Reached skill level 1 in Maces & Flails
  2238 | D:2      | Reached skill level 1 in Polearms
  2238 | D:2      | Reached skill level 1 in Staves
  2238 | D:2      | Reached skill level 1 in Slings
  2238 | D:2      | Reached skill level 1 in Bows
  2238 | D:2      | Reached skill level 1 in Crossbows
  2238 | D:2      | Reached skill level 1 in Throwing
  2238 | D:2      | Reached skill level 1 in Armour
  2238 | D:2      | Reached skill level 1 in Shields
  2238 | D:2      | Reached skill level 1 in Unarmed Combat
  2238 | D:2      | Reached skill level 1 in Evocations
  2563 | D:2      | Reached XP level 4. HP: 32/32 MP: 8/11
  2597 | D:2      | Noticed Terence
  2619 | D:2      | HP: 8/32 [Terence (8)]
  2621 | D:2      | HP: 1/32 [Terence (7)]
  2622 | D:2      | Elyvilon protects you from harm!
  2625 | D:2      | Killed Terence
  2626 | D:2      | Reached skill level 1 in Conjurations
  2626 | D:2      | Reached skill level 1 in Hexes
  2626 | D:2      | Reached skill level 1 in Necromancy
  2626 | D:2      | Reached skill level 1 in Translocations
  2626 | D:2      | Reached skill level 1 in Transmutations
  2626 | D:2      | Reached skill level 1 in Fire Magic
  2626 | D:2      | Reached skill level 1 in Ice Magic
  2626 | D:2      | Reached skill level 1 in Air Magic
  2626 | D:2      | Reached skill level 1 in Earth Magic
  2626 | D:2      | Reached skill level 1 in Poison Magic
  3613 | D:3      | Reached XP level 5. HP: 37/37 MP: 12/12
  3662 | D:3      | Found a stormy altar of Qazlal.
  3679 | D:3      | HP: 9/37 [orc (4)]
  4104 | D:3      | Learned a level 3 spell: Summon Guardian Golem
  4500 | D:3      | Reached ** piety under Elyvilon
  4748 | D:3      | Found an iron altar of Okawaru.
  4799 | D:3      | Reached XP level 6. HP: 44/44 MP: 6/13
  4803 | D:3      | Reached skill level 2 in Invocations
  5284 | D:4      | Reached skill level 5 in Dodging
  5381 | D:4      | Reached skill level 2 in Fighting
  5381 | D:4      | Reached skill level 2 in Short Blades
  5381 | D:4      | Reached skill level 2 in Long Blades
  5381 | D:4      | Reached skill level 2 in Axes
  5381 | D:4      | Reached skill level 2 in Maces & Flails
  5381 | D:4      | Reached skill level 2 in Polearms
  5381 | D:4      | Reached skill level 2 in Staves
  5381 | D:4      | Reached skill level 2 in Slings
  5381 | D:4      | Reached skill level 2 in Bows
  5381 | D:4      | Reached skill level 2 in Crossbows
  5381 | D:4      | Reached skill level 2 in Throwing
  5381 | D:4      | Reached skill level 2 in Armour
  5381 | D:4      | Reached skill level 2 in Shields
  5381 | D:4      | Reached skill level 2 in Unarmed Combat
  5381 | D:4      | Reached skill level 2 in Evocations
  5738 | D:4      | Found a white marble altar of Elyvilon.
  5817 | D:4      | Reached *** piety under Elyvilon
  6071 | D:4      | Reached XP level 7. HP: 48/50 MP: 8/15
  6198 | D:5      | Entered Level 5 of the Dungeon
  6285 | D:5      | Found a sacrificial altar of Ru.
  6285 | D:5      | Found a basalt altar of Yredelemnul.
  6341 | D:5      | Found a shadowy altar of Dithmenos.
  6467 | D:5      | Found a staircase to the Ecumenical Temple.
  6480 | D:5      | Reached skill level 2 in Conjurations
  6480 | D:5      | Reached skill level 2 in Hexes
  6480 | D:5      | Reached skill level 2 in Necromancy
  6480 | D:5      | Reached skill level 2 in Translocations
  6480 | D:5      | Reached skill level 2 in Transmutations
  6480 | D:5      | Reached skill level 2 in Fire Magic
  6480 | D:5      | Reached skill level 2 in Ice Magic
  6480 | D:5      | Reached skill level 2 in Air Magic
  6480 | D:5      | Reached skill level 2 in Earth Magic
  6480 | D:5      | Reached skill level 2 in Poison Magic
  6510 | D:5      | Found a hide-covered altar of Uskayaw.
  6512 | D:5      | Found a glowing silver altar of Zin.
  6665 | D:5      | You fall into a shaft and drop 1 floor!
  6725 | D:6      | HP: 9/51 [orc wizard/puff of flame (8)]
  6768 | D:6      | HP: 12/51 [something/magic dart (3)]
  7017 | D:6      | Identified the +5 great mace of the Ten Thickets {vorpal,
                  | rElec rPois Int+7}
  7043 | D:6      | Learned a level 4 spell: Summon Lightning Spire
  7070 | D:6      | Found a snail-covered altar of Cheibriados.
  7070 | D:6      | Reached **** piety under Elyvilon
  7166 | D:6      | Reached skill level 5 in Stealth
  7166 | D:6      | Reached skill level 3 in Invocations
  7320 | D:6      | Noticed Blork the orc
  7359 | D:6      | Reached XP level 8. HP: 34/57 MP: 7/16
  7540 | D:6      | Reached skill level 3 in Fighting
  7540 | D:6      | Reached skill level 3 in Short Blades
  7540 | D:6      | Reached skill level 3 in Long Blades
  7540 | D:6      | Reached skill level 3 in Axes
  7540 | D:6      | Reached skill level 3 in Maces & Flails
  7540 | D:6      | Reached skill level 3 in Polearms
  7540 | D:6      | Reached skill level 3 in Staves
  7540 | D:6      | Reached skill level 3 in Slings
  7540 | D:6      | Reached skill level 3 in Bows
  7540 | D:6      | Reached skill level 3 in Crossbows
  7540 | D:6      | Reached skill level 3 in Throwing
  7540 | D:6      | Reached skill level 3 in Armour
  7540 | D:6      | Reached skill level 3 in Shields
  7540 | D:6      | Reached skill level 3 in Unarmed Combat
  7540 | D:6      | Reached skill level 3 in Evocations
  7732 | D:5      | Reached skill level 6 in Spellcasting
  8349 | D:6      | Noticed a yak
  8364 | D:6      | Killed a yak
  8365 | D:6      | Reached skill level 3 in Conjurations
  8365 | D:6      | Reached skill level 3 in Hexes
  8365 | D:6      | Reached skill level 3 in Necromancy
  8365 | D:6      | Reached skill level 3 in Translocations
  8365 | D:6      | Reached skill level 3 in Transmutations
  8365 | D:6      | Reached skill level 3 in Fire Magic
  8365 | D:6      | Reached skill level 3 in Ice Magic
  8365 | D:6      | Reached skill level 3 in Air Magic
  8365 | D:6      | Reached skill level 3 in Earth Magic
  8365 | D:6      | Reached skill level 3 in Poison Magic
  8365 | D:6      | Reached skill level 4 in Invocations
  8392 | D:6      | Noticed a yak
  8396 | D:6      | Noticed a yak
  8399 | D:6      | Noticed a yak
  8400 | D:6      | Noticed a yak
  8401 | D:6      | Killed a yak
  8402 | D:6      | Reached skill level 6 in Dodging
  8402 | D:6      | Reached XP level 9. HP: 35/65 MP: 12/18
  8410 | D:6      | Reached skill level 4 in Fighting
  8410 | D:6      | Reached skill level 4 in Short Blades
  8410 | D:6      | Reached skill level 4 in Long Blades
  8410 | D:6      | Reached skill level 4 in Axes
  8410 | D:6      | Reached skill level 4 in Maces & Flails
  8410 | D:6      | Reached skill level 4 in Polearms
  8410 | D:6      | Reached skill level 4 in Staves
  8410 | D:6      | Reached skill level 4 in Slings
  8410 | D:6      | Reached skill level 4 in Bows
  8410 | D:6      | Reached skill level 4 in Crossbows
  8410 | D:6      | Reached skill level 4 in Throwing
  8410 | D:6      | Reached skill level 4 in Armour
  8410 | D:6      | Reached skill level 4 in Shields
  8410 | D:6      | Reached skill level 4 in Unarmed Combat
  8410 | D:6      | Reached skill level 4 in Evocations
  8678 | D:6      | Noticed Eustachio
  8686 | D:5      | Noticed a rust devil
  8686 | D:5      | Noticed a rust devil
  8694 | D:5      | Reached skill level 6 in Stealth
  8694 | D:5      | Reached skill level 8 in Summonings
  8694 | D:5      | HP: 14/65 [rust devil (10)]
  8694 | D:5      | HP: 4/65 [rust devil (10)]
  8807 | D:6      | Killed a rust devil
  8874 | D:6      | Killed a rust devil
  8875 | D:6      | Reached skill level 5 in Invocations
  9015 | D:6      | Killed Blork the orc
  9193 | D:6      | Found a hazy altar of Hepliaklqana.
  9225 | D:6      | Killed Eustachio
  9335 | D:5      | Identified the +1 halberd of Dishonesty {vorpal, Dex+4}
  9455 | D:7      | Reached skill level 7 in Spellcasting
  9482 | D:7      | Reached XP level 10. HP: 36/73 MP: 11/20
  9666 | D:7      | Found a runed translucent gate.
  9666 | D:7      | Found a runed translucent gate.
  9669 | D:7      | Found a runed translucent gate.
  9671 | D:7      | Noticed anet's ghost (novice HOCj)
  9689 | D:7      | Reached skill level 4 in Conjurations
  9689 | D:7      | Reached skill level 4 in Hexes
  9689 | D:7      | Reached skill level 4 in Necromancy
  9689 | D:7      | Reached skill level 4 in Translocations
  9689 | D:7      | Reached skill level 4 in Transmutations
  9689 | D:7      | Reached skill level 4 in Fire Magic
  9689 | D:7      | Reached skill level 4 in Ice Magic
  9689 | D:7      | Reached skill level 4 in Air Magic
  9689 | D:7      | Reached skill level 4 in Earth Magic
  9689 | D:7      | Reached skill level 4 in Poison Magic
  9920 | D:7      | Noticed Prince Ribbit
  9932 | D:7      | Killed Prince Ribbit
  9933 | D:7      | Reached skill level 5 in Fighting
  9933 | D:7      | Reached skill level 5 in Short Blades
  9933 | D:7      | Reached skill level 5 in Long Blades
  9933 | D:7      | Reached skill level 5 in Axes
  9933 | D:7      | Reached skill level 5 in Maces & Flails
  9933 | D:7      | Reached skill level 5 in Polearms
  9933 | D:7      | Reached skill level 5 in Staves
  9933 | D:7      | Reached skill level 5 in Slings
  9933 | D:7      | Reached skill level 5 in Bows
  9933 | D:7      | Reached skill level 5 in Crossbows
  9933 | D:7      | Reached skill level 5 in Throwing
  9933 | D:7      | Reached skill level 5 in Armour
  9933 | D:7      | Reached skill level 5 in Shields
  9933 | D:7      | Reached skill level 5 in Unarmed Combat
  9933 | D:7      | Reached skill level 5 in Evocations
 10213 | D:7      | Reached ***** piety under Elyvilon
 10356 | D:8      | Noticed Maggie
 10424 | D:7      | Killed anet's ghost
 10425 | D:7      | Reached skill level 7 in Dodging
 10483 | D:7      | Identified the +6 scale mail of the Armoured One {-Cast rN+
                  | Str+4 Slay+2}
 10531 | D:8      | Killed Maggie
 10744 | D:8      | Noticed a gargoyle
 10762 | D:8      | Killed a gargoyle
 10763 | D:8      | Reached skill level 6 in Invocations
 10847 | D:8      | Noticed a boulder beetle
 10865 | D:8      | Killed a boulder beetle
 10866 | D:8      | Reached skill level 7 in Stealth
 11016 | D:8      | Noticed Erica
 11041 | D:8      | HP: 11/76 [something (13)]
 11041 | D:8      | HP: 5/76 [something (6)]
 11042 | D:8      | Killed Erica
 11043 | D:8      | Reached XP level 11. HP: 5/81 MP: 11/22
 11649 | D:8      | Found Ucvofe's Armour Emporium.
 11657 | D:8      | Bought a +0 cloak for 63 gold pieces
 11657 | D:8      | Bought a +0 pair of boots for 63 gold pieces
 11738 | D:8      | HP: 20/81 [poisoned by a gnoll sergeant]
 11743 | D:8      | HP: 14/81 [poisoned by a gnoll sergeant]
 11744 | D:8      | HP: 6/81 [poisoned by a gnoll sergeant]
 11747 | D:8      | HP: 1/81 [gnoll (4)]
 12006 | D:8      | Reached skill level 6 in Fighting
 12006 | D:8      | Reached skill level 6 in Short Blades
 12006 | D:8      | Reached skill level 6 in Long Blades
 12006 | D:8      | Reached skill level 6 in Axes
 12006 | D:8      | Reached skill level 6 in Maces & Flails
 12006 | D:8      | Reached skill level 6 in Polearms
 12006 | D:8      | Reached skill level 6 in Staves
 12006 | D:8      | Reached skill level 6 in Slings
 12006 | D:8      | Reached skill level 6 in Bows
 12006 | D:8      | Reached skill level 6 in Crossbows
 12006 | D:8      | Reached skill level 6 in Throwing
 12006 | D:8      | Reached skill level 6 in Armour
 12006 | D:8      | Reached skill level 6 in Shields
 12006 | D:8      | Reached skill level 6 in Unarmed Combat
 12006 | D:8      | Reached skill level 6 in Evocations
 12130 | D:8      | Noticed a red ugly thing
 12150 | D:8      | Killed a red ugly thing
 12151 | D:8      | Reached skill level 5 in Conjurations
 12151 | D:8      | Reached skill level 5 in Hexes
 12151 | D:8      | Reached skill level 5 in Necromancy
 12151 | D:8      | Reached skill level 5 in Translocations
 12151 | D:8      | Reached skill level 5 in Transmutations
 12151 | D:8      | Reached skill level 5 in Fire Magic
 12151 | D:8      | Reached skill level 5 in Ice Magic
 12151 | D:8      | Reached skill level 5 in Air Magic
 12151 | D:8      | Reached skill level 5 in Earth Magic
 12151 | D:8      | Reached skill level 5 in Poison Magic
 12464 | D:9      | Found Elasued's Book Shoppe.
 12471 | D:9      | Learned a level 3 spell: Gell's Gravitas
 12475 | D:9      | Learned a level 3 spell: Teleport Other
 12668 | D:9      | Reached skill level 8 in Spellcasting
 12782 | D:9      | Found a staircase to the Lair.
 13198 | D:10     | Entered Level 10 of the Dungeon
 13381 | D:10     | Found an opulent altar of Gozag.
 13394 | D:10     | Noticed Erolcha
 13429 | D:10     | Killed Erolcha
 13430 | D:10     | Reached skill level 9 in Summonings
 13430 | D:10     | Reached skill level 7 in Invocations
 13730 | D:10     | Noticed Joseph
 13739 | D:10     | Noticed Fannar
 13741 | D:10     | Killed Joseph
 13742 | D:10     | Reached skill level 8 in Dodging
 13745 | D:10     | Killed Fannar
 14211 | D:10     | Reached skill level 8 in Stealth
 14886 | D:11     | Noticed a two-headed ogre
 14911 | D:11     | Found Kaaqixor's Weapon Shoppe.
 14913 | D:11     | Noticed a cyclops
 14926 | D:11     | Killed a cyclops
 15373 | D:11     | Reached XP level 12. HP: 89/89 MP: 23/24
 15516 | D:11     | Noticed a boulder beetle
 15551 | D:11     | Killed a boulder beetle
 15552 | D:11     | Reached skill level 7 in Fighting
 15552 | D:11     | Reached skill level 7 in Short Blades
 15552 | D:11     | Reached skill level 7 in Long Blades
 15552 | D:11     | Reached skill level 7 in Axes
 15552 | D:11     | Reached skill level 7 in Maces & Flails
 15552 | D:11     | Reached skill level 7 in Polearms
 15552 | D:11     | Reached skill level 7 in Staves
 15552 | D:11     | Reached skill level 7 in Slings
 15552 | D:11     | Reached skill level 7 in Bows
 15552 | D:11     | Reached skill level 7 in Crossbows
 15552 | D:11     | Reached skill level 7 in Throwing
 15552 | D:11     | Reached skill level 7 in Armour
 15552 | D:11     | Reached skill level 7 in Shields
 15552 | D:11     | Reached skill level 7 in Unarmed Combat
 15552 | D:11     | Reached skill level 7 in Evocations
 15744 | D:11     | Reached ****** piety under Elyvilon
 15773 | D:11     | Noticed a two-headed ogre
 15898 | D:11     | Killed a two-headed ogre
 15937 | D:11     | Identified the ring "Fewett" {MP+9 Str+3 Int+5 Stlth+}
 15937 | D:11     | Noticed an ogre mage
 15943 | D:11     | Identified the +9 flail "Kamminwu" {freeze, Int+5}
 15943 | D:11     | Noticed an ogre mage
 15944 | D:11     | Killed an ogre mage
 15951 | D:11     | Noticed a catoblepas
 15963 | D:11     | Noticed a six-headed hydra
 15964 | D:11     | HP: 19/91 [catoblepas (11)]
 15966 | D:11     | HP: 9/91 [vampire mosquito (4)]
 15967 | D:11     | HP: 1/91 [catoblepas (8)]
 15968 | D:11     | Elyvilon protects you from harm!
 15968 | D:11     | Slain by a six-headed hydra

Illustrated notes

Levels and vault maps discovered:
D:1:      ldierk_water_garden, layout_loops_ring,
          nicolae_ecumenical_snake_handling, minmay_door_square
D:2:      layout_loops_cross, minmay_misc_feat_diagonals, uniq_robin,
          uniq_terence
D:3:      layout_basic, mainiacjoe_overflow_chevrons, grunt_qazlal_sundering
D:4:      layout_rooms, nicolae_elyvilon_peaceful_grove
D:5:      cheibrodos_iron_armory, layout_loops_ring,
          chequers_temple_overflow_statue_of_worship,
          mainiacjoe_overflow_small_starburst, minitemple,
          minmay_temple_entry_water_ring, minivault_23, moated_statue,
          kennysheep_cross_bottleneck, minmay_fractal_squares_5
D:6:      layout_loops_cross, nzn_hepliaklqana_mist_gate, slow_altar_1,
          uniq_blork_the_orc, uniq_eustachio
D:7:      layout_loops_ring, gammafunk_ghost_split, uniq_prince_ribbit1
D:8:      layout_rooms, serial_corexii_hall, corexii_hall_statues_i,
          chequers_hall_statues_y, corexii_hall_statues_l,
          chequers_hall_statues_corner_a, serial_shops, nicolae_diamond_shop,
          uniq_maggie, uniq_erica
D:9:      layout_long_grid, due_lair_maze_entry_diamond, nicolae_stop_n_shop_1
D:10:     layout_basic, grunt_gozag_statues, evilmike_butchery, uniq_erolcha,
          uniq_joseph, uniq_fannar
D:11:     layout_roguey, serial_shops, shop, serial_undead, serial_undead_a,
          serial_undead_c, serial_undead_a, serial_undead_b, serial_undead_b,
          serial_undead_f, minmay_the_grid_square_5x5_3x3_mashed
          [minmay_the_grid_square_5x5_minibox,
          minmay_the_grid_square_5x5_three_small,
          minmay_the_grid_square_5x5_tetrominoes,
          minmay_the_grid_square_5x5_inner_i,
          minmay_the_grid_square_5x5_megaprize_diamond,
          minmay_the_grid_square_5x5_broken_cross,
          minmay_the_grid_square_5x5_six_small,
          minmay_the_grid_square_5x5_half_checkered,
          minmay_the_grid_square_5x5_z]

Skill      XL: |  1  2  3  4  5  6  7  8  9 10 11 12 |
---------------+-------------------------------------+-----
Spellcasting   | 5 6 7 8 |  8.8
Invocations    | 1 2 3 4 5 6 7 |  7.8
Fighting       | 1 2 3 4 5 6 7 |  7.1
Short Blades   | 1 2 3 4 5 6 7 |  7.1
Long Blades    | 1 2 3 4 5 6 7 |  7.1
Axes           | 1 2 3 4 5 6 7 |  7.1
Maces & Flails | 1 2 3 4 5 6 7 |  7.1
Polearms       | 1 2 3 4 5 6 7 |  7.1
Staves         | 1 2 3 4 5 6 7 |  7.1
Slings         | 1 2 3 4 5 6 7 |  7.1
Bows           | 1 2 3 4 5 6 7 |  7.1
Crossbows      | 1 2 3 4 5 6 7 |  7.1
Throwing       | 1 2 3 4 5 6 7 |  7.1
Armour         | 1 2 3 4 5 6 7 |  7.1
Shields        | 1 2 3 4 5 6 7 |  7.1
Unarmed Combat | 1 2 3 4 5 6 7 |  7.1
Evocations     | 1 2 3 4 5 6 7 |  7.1
Conjurations   | 1 2 3 4 5 |  5.9
Hexes          | 1 2 3 4 5 |  5.9
Necromancy     | 1 2 3 4 5 |  5.9
Translocations | 1 2 3 4 5 |  5.9
Transmutations | 1 2 3 4 5 |  5.9
Fire Magic     | 1 2 3 4 5 |  5.9
Ice Magic      | 1 2 3 4 5 |  5.9
Air Magic      | 1 2 3 4 5 |  5.9
Earth Magic    | 1 2 3 4 5 |  5.9
Poison Magic   | 1 2 3 4 5 |  5.9
Dodging        | 5 6 7 8 |  8.5
Stealth        | 5 6 7 8 |  8.3
Summonings     | 8 9 |  9.3

Action                   |  1- 3 |  4- 6 |  7- 9 | 10-12 || total
-------------------------+-------+-------+-------+-------++-------
Melee: Dagger            |   102 |   293 |    65 |       ||   460
       Unarmed           |     1 |       |       |       ||     1
       Bite              |    12 |    19 |    11 |    14 ||    56
       Great mace        |       |       |    61 |   143 ||   204
 Cast: Summon Small Mamm |    25 |     8 |     6 |     4 ||    43
       Call Canine Famil |     4 |    24 |    19 |    22 ||    69
       Summon Guardian G |       |    14 |    19 |    33 ||    66
       Summon Lightning  |       |       |     2 |    35 ||    37
Invok: Purification      |       |       |     1 |       ||     1
  Use: Scroll            |       |       |       |    18 ||    18
 Stab: Sleeping          |     2 |     4 |     1 |     1 ||     8
       Distracted        |       |     1 |     2 |     1 ||     4
Armor: Robe              |     5 |    20 |    14 |    43 ||    82
Dodge: Dodged            |    60 |   146 |   115 |   212 ||   533
Block: Buckler           |       |    30 |    21 |       ||    51

Table legend: (Time is in decaauts)
 A = Elapsed time spent in this place.
 B = Non-inter-level travel time spent in this place.
 C = Inter-level travel time spent in this place.
 D = Time resting spent in this place.
 E = Time spent auto-exploring this place.
 F = Levels seen in this place.
 G = Mean time per level.
                   A        B        C        D        E       F      G
               +--------+--------+--------+--------+--------+-----+--------+
         Total |  15934 |  14819 |   1115 |    180 |  11700 |  11 | 1448.5 |
       Dungeon |  15934 |  14819 |   1115 |    180 |  11700 |  11 | 1448.5 |
               +--------+--------+--------+--------+--------+-----+--------+

Top non-repeatable levels by time:
     D:1: 1982 daAuts
     D:6: 1927 daAuts
     D:8: 1921 daAuts
    D:10: 1689 daAuts
     D:2: 1598 daAuts
     D:3: 1515 daAuts
     D:5: 1243 daAuts
     D:7: 1090 daAuts
     D:4: 1044 daAuts
    D:11: 977 daAuts
     D:9: 944 daAuts

Table legend:
 A = Kills in this place as a percentage of kills in entire the game.
 B = Kills by you in this place as a percentage of kills by you in the entire game.
 C = Kills by friends in this place as a percentage of kills by friends in the entire game.
 D = Other kills in this place as a percentage of other kills in the entire game.
 E = Experience gained in this place as a percentage of experience gained in the entire game.
 F = Experience gained in this place divided by the number of levels of this place that you have seen.
                   A       B       C       D       E      F
               +-------+-------+-------+-------+-------+----------------------
         Total | 100.0 | 100.0 | 100.0 | 100.0 | 100.0 | 2023.3
       Dungeon | 100.0 | 100.0 | 100.0 | 100.0 | 100.0 | 2023.3
               +-------+-------+-------+-------+-------+----------------------
